 Dungeon Crawl Stone Soup version 0.17-a0-910-ga669010 (webtiles) character file.

136 lorenzova the Sneak (level 4, -5/22 HPs)
             Began as a Spriggan Assassin on May 2, 2015.
             Slain by Grinder (6 damage)
             ... on level 3 of the Dungeon.
             The game lasted 00:05:52 (2518 turns).

lorenzova the Sneak (Spriggan Assassin)             Turns: 2518, Time: 00:05:52

Health: -5/22      AC:  3    Str:  7    XL:     4   Next: 98%
Magic:  11/11      EV: 20    Int: 13    God:
Gold:   130        SH:  0    Dex: 17    Spells: 0 memorised, 11 levels left

rFire  . . .     SeeInvis +     a - +2 dagger
rCold  + . .     Clarity  .     c - +0 robe
rNeg   . . .     SustAb   .     (shield restricted)
rPois  .         Gourm    .     (helmet restricted)
rElec  .         Spirit   .     d - +0 cloak
rCorr  .         Warding  .     (gloves unavailable)
rMut   .         Stasis   .     (boots unavailable)
MR     .....                    (no amulet)
Stlth  ++++......               s - +3 ring of evasion
                                p - ring of protection from cold

@: very quick, not resistant to hostile enchantments, stealthy
A: unfitting armour, see invisible, herbivore 3, speed 3, slow metabolism 2
a: no special abilities


You were on level 3 of the Dungeon.
You were not hungry.

You visited 1 branch of the dungeon, and saw 3 of its levels.

You collected 130 gold pieces.

Inventory:

Hand weapons
 a - a +2 dagger (weapon)
 b - a +0 blowgun
 y - a +2 dagger of flaming
Missiles
 e - 10 poisoned needles
 f - a curare-tipped needle
Armour
 c - a +0 robe (worn)
 d - a +0 cloak (worn)
Jewellery
 p - a ring of protection from cold (left hand)
 s - a +3 ring of evasion (right hand)
 z - a cursed amulet of inaccuracy {unknown}
Magical devices
 x - a wand of slowing (20)
Scrolls
 j - a scroll of noise {unknown}
 k - 2 scrolls of enchant armour {unknown}
 l - a scroll of enchant weapon {unknown}
 m - a scroll of amnesia {unknown}
 o - 2 scrolls of remove curse {unknown}
 r - a scroll of recharging {unknown}
 u - 2 scrolls of random uselessness {unknown}
 w - a scroll of teleportation {unknown}
 B - a scroll of immolation {unknown}
Potions
 h - a potion of flight {unknown}
 i - a potion of agility {unknown}
 n - a potion of resistance {unknown}
 q - a potion of ambrosia {unknown}
 t - a potion of poison {unknown}
 v - a potion of curing {unknown}
 A - a potion of mutation {unknown}
Comestibles
 g - 2 bread rations


   Skills:
 - Level 1.5 Fighting
 - Level 2.1 Throwing
 - Level 1.5 Dodging
 + Level 7.5 Stealth
 * Level 4.3 Spellcasting


You had 11 spell levels left.
You didn't know any spells.

Dungeon Overview and Level Annotations

Branches:
Dungeon (3/15)

Altars:
Ashenzari
Kikubaaqudgha
Qazlal
Xom
The Shining One

Annotations:
D:3 Grinder


Innate Abilities, Weirdness & Mutations

You are tiny and cannot use many weapons and most armour.
You have supernaturally acute eyesight.
You are a herbivore.
You cover ground extremely quickly.
You need consume almost no food.


Message History

The poisoned needle closely misses Grinder.
Grinder hits you but does no damage.
Firing (i - inventory. (,) - cycle):
e - 11 poisoned needles (quivered)
Press: ? - help, Shift-Dir - straight line, f/p - Grinder
Aim: Grinder You shoot a poisoned needle.
The poisoned needle hits Grinder!
Grinder closely misses you.
Firing (i - inventory. (,) - cycle):
e - 10 poisoned needles (quivered)
Press: ? - help, Shift-Dir - straight line, p - Grinder
Okay, then.
Wield which item (- for none, * to show all)? (? for menu, Esc to quit)
a - a +2 dagger (weapon)
Grinder completely misses you.
You barely miss Grinder. Grinder gestures at you. You resist with some effort.
You hit Grinder.
Grinder is lightly wounded.
Grinder hits you.
You die...

..(# #..#
#..# #..#
#######..#
......(((.#
#(.###
#.(5.#
........##@#
#...#####.#
##.# #.# #.#
#.# #.# #.#
#.# #)# ..#
#.# #.# #.#
#.# #.#


You could see Grinder.

Vanquished Creatures
  Crazy Yiuf (D:2)
  Robin (D:2)
  3 adders (D:2)
  An ooze (D:2)
  2 worms (D:2)
  2 bats
  3 giant cockroaches (D:1)
  6 hobgoblins
  13 jackals
  5 giant newts
  12 goblins
  8 kobolds
  6 rats
63 creatures vanquished.

Notes
Turn   | Place    | Note
--------------------------------------------------------------
     0 | D:1      | lorenzova, the Spriggan Assassin, began the quest for the Orb.
     0 | D:1      | Reached XP level 1. HP: 10/10 MP: 2/2
     6 | D:1      | Reached skill level 6 in Stealth
   205 | D:1      | Reached skill level 1 in Spellcasting
   252 | D:1      | Reached XP level 2. HP: 1/14 MP: 5/5
   947 | D:2      | Reached XP level 3. HP: 9/18 MP: 7/7
  1359 | D:2      | Reached XP level 4. HP: 22/22 MP: 10/10
  1495 | D:2      | Noticed Robin
  1525 | D:2      | Reached skill level 7 in Stealth
  1599 | D:2      | Found a shimmering altar of Xom.
  1637 | D:2      | Killed Robin
  1949 | D:2      | Noticed Crazy Yiuf
  1956 | D:2      | Killed Crazy Yiuf
  2369 | D:3      | Found a shattered altar of Ashenzari.
  2369 | D:3      | Found a glowing golden altar of the Shining One.
  2370 | D:3      | Found a stormy altar of Qazlal.
  2390 | D:3      | Found an ancient bone altar of Kikubaaqudgha.
  2500 | D:3      | Noticed Grinder
  2506 | D:3      | HP: 1/22 [Grinder/nerve-wracking pain (10)]
  2518 | D:3      | Slain by Grinder

Action                   |  1- 3 |  4- 6 || total
-------------------------+-------+-------++-------
Melee: Dagger            |    76 |   103 ||   179
 Fire: Blowgun           |    27 |    17 ||    44
 Stab: Sleeping          |     8 |     2 ||    10
       Distracted        |     1 |       ||     1
